[Event "30th Abu Dhabi Festival A-Open 2024"]
[Site "Abu Dhabi"]
[Date "2024.08.24"]
[Round "9.9"]
[White "Saydaliev, Akobirkhon"]
[Black "Shamsuddin, Sayyid Usmon"]
[Result "1/2-1/2"]
[ECO "E60"]
[WhiteElo "2266"]
[BlackElo "2079"]
[Annotator "RC"]
[PlyCount "121"]
[EventDate "2024.08.15"]
[EventType "swiss"]
[EventCountry "UAE"]
[SourceTitle "playchess.com"]
[Source "ChessBase"]
[SourceQuality "1"]
[TimeControl "5400+30"]

1. d4 Nf6 2. c4 g6 3. Nf3 Bg7 4. g3 O-O 5. Bg2 d6 6. O-O c5 7. dxc5 dxc5 8. Ne5 Qc7 9. Nd3 Bf5 10. Bf4 Qc8 11. Nc3 Bh3 12. Rc1 Bxg2 13. Kxg2 Qc6+ 14. f3 Nbd7 15. e4 e6 16. a3 Nh5 17. Be3 Ne5 18. g4 Rfd8 19. Nxe5 Bxe5 20. Nd5 exd5 21. cxd5 Qb5 22. gxh5 Qxb2+ 23. Rc2 Qxa3 24. Bxc5 Qa6 25. Qd2 Rac8 26. Rfc1 Qf6 27. Qf2 Bf4 28. Rf1 b6 29. Bd4 Qg5+ 30. Kh1 Qxh5 31. Bf6 Re8 32. Ra2 Rc7 33. Rd1 Qh3 34. Ra3 Rec8 35. Qg2 Qh5 36. h3 Rc2 37. Qg4 Rh2+ 38. Kg1 Rcc2 39. Bd4 Rcg2+ 40. Qxg2 Rxg2+ 41. Kxg2 Qg5+ 42. Kf2 Qg3+ 43. Ke2 Qg2+ 44. Bf2 Bg3 45. Rf1 a5 46. Rb3 Be5 47. Rxb6 Qxh3 48. d6 Qe6 49. Rc1 Bxd6 50. Bd4 Qa2+ 51. Rb2 Qe6 52. Rc6 Qh3 53. Ke3 Qd7 54. Rc4 g5 55. Rbc2 Bf4+ 56. Kf2 h6 57. Rc8+ Kh7 58. R2c4 Kg6 59. R8c6+ Kh5 60. Be3 Bxe3+ 61. Kxe3 1/2-1/2

[Event "30th Abu Dhabi Festival A-Open 2024"]
[Site "Abu Dhabi"]
[Date "2024.08.24"]
[Round "9.10"]
[White "Poormosavi, Seyed Kanan"]
[Black "Md Imran"]
[Result "0-1"]
[ECO "A24"]
[WhiteElo "2034"]
[BlackElo "2225"]
[Annotator "RC"]
[PlyCount "80"]
[EventDate "2024.08.15"]
[EventType "swiss"]
[EventCountry "UAE"]
[SourceTitle "playchess.com"]
[Source "ChessBase"]
[SourceQuality "1"]
[TimeControl "5400+30"]

1. d4 Nf6 2. c4 d6 3. Nc3 e5 4. Nf3 exd4 5. Nxd4 g6 6. g3 Bg7 7. Bg2 O-O 8. O-O c6 9. b3 Re8 10. Bb2 Na6 11. Qd2 Nc5 12. Rad1 a5 13. Rfe1 Qb6 14. Ba3 Ng4 15. h3 Ne5 16. Nc2 Nxb3 17. Na4 Qxf2+ 18. Kxf2 Nxd2 19. Rxd2 Nxc4 20. Rdd1 Bf5 21. e4 Be6 22. Bxd6 Nxd6 23. Rxd6 Bxa2 24. Rc1 Bf8 25. Rd3 b5 26. Nb2 a4 27. e5 a3 28. Nd1 Rxe5 29. Bxc6 Ra6 30. Bf3 b4 31. Na1 Bc5+ 32. Kg2 Be6 33. Nf2 Be7 34. Ne4 Bf5 35. Rd4 Be6 36. Nd2 Rb6 37. Rd3 Bg5 38. Nc4 Bxc1 39. Nxb6 Bb2 40. Nc2 b3 0-1

[Event "30th Abu Dhabi Festival A-Open 2024"]
[Site "Abu Dhabi"]
[Date "2024.08.24"]
[Round "9.11"]
[White "Talgatov, Nazar"]
[Black "Bolys, Tolegen"]
[Result "1-0"]
[ECO "B01"]
[WhiteElo "2171"]
[BlackElo "1911"]
[Annotator "RC"]
[PlyCount "91"]
[EventDate "2024.08.15"]
[EventType "swiss"]
[EventCountry "UAE"]
[SourceTitle "playchess.com"]
[Source "ChessBase"]
[SourceQuality "1"]
[TimeControl "5400+30"]

1. e4 d5 2. exd5 Qxd5 3. Nc3 Qe5+ 4. Nge2 Nf6 5. d4 Qa5 6. g3 c6 7. Bg2 Bf5 8. O-O e6 9. Bd2 Qd8 10. Na4 Nbd7 11. c4 Be7 12. Nac3 O-O 13. Re1 Nb6 14. b3 h6 15. Bf4 a5 16. Qd2 Qc8 17. h3 Rd8 18. g4 Bg6 19. Qe3 Ra6 20. Bg3 Bh7 21. Nf4 Bf8 22. Rad1 Bb4 23. Re2 Re8 24. Ne4 Nbd7 25. Nxf6+ Nxf6 26. Nd3 Bf8 27. Nc5 Ra7 28. Bf3 Rd8 29. Red2 b6 30. Nd3 Bxd3 31. Rxd3 a4 32. h4 axb3 33. axb3 Nh7 34. Kg2 Re7 35. Ra1 Qd7 36. Rad1 Qe8 37. d5 c5 38. dxe6 Rxd3 39. exf7+ Qxf7 40. Qxd3 Kh8 41. Qd8 Qf6 42. Qb8 g5 43. h5 Kg7 44. Rd6 Re8 45. Rxf6 Rxb8 46. Rg6+ 1-0